 Dungeon Crawl Stone Soup version 0.31.0-1-g2c135a0 (webtiles) character file.

Game seed: 3031088348819864547

29209 edsrzf the Bludgeoner (level 13, -4/133 HPs)
             Began as an Oni Brigand on Jan 30, 2024.
             Was a High Priest of Cheibriados.
             Slain by a hellwing (6 damage)
             ... summoned by an obsidian statue
             ... in a volcano.
             The game lasted 00:39:51 (17600 turns).

edsrzf the Bludgeoner (Oni Brigand)                Turns: 17600, Time: 00:39:52

Health: -4/133     AC: -2    Str: 33    XL:     13   Next: 43%
Magic:  13/13      EV: 10    Int: 27    God:    Cheibriados [*****.]
Gold:   1595       SH:  0    Dex: 23    Spells: 12/12 levels left

rFire   + . .        w - +0 giant spiked club
rCold   + + .        (shield currently unavailable)
rNeg    . . .        D - +2 robe {rC+ rF+}
rPois   .            f - +0 mask of the Dragon {Will+ Slay+3 SInv}
rElec   .            y - +0 cloak {Stlth+}
rCorr   .            (gloves unavailable)
SInv    +            (boots unavailable)
Will    ++...        (no amulet)
Stlth   ++           g - ring of protection from cold
HPRegen 0.42/turn    s - +4 ring of protection
MPRegen 0.13/turn

%: no passive effects
@: confused, ambrosia-drunk, corroded, very slow
A: large, unfitting armour, horns 1, tough skin 1, double potion healing,
drunken brawling
a: Renounce Religion, Bend Time, Temporal Distortion, Slouch, Step From Time


You were in a volcano.
You worshipped Cheibriados.
Cheibriados was extremely pleased with you.
You visited 3 branches of the dungeon, and saw 16 of its levels.
You also visited: Bailey and Volcano.

You collected 1595 gold pieces.

Inventory:

Hand Weapons
 a - a +2 whip of electrocution
 b - a +1 dagger of draining
 e - a +2 dagger
 h - a +0 flail
 w - a +0 giant spiked club (weapon)
Missiles
 d - 39 poisoned darts
 i - 103 stones
 o - 10 boomerangs
 q - 5 curare-tipped darts
 E - 8 atropa-tipped darts
 T - 11 large rocks (quivered)
Armour
 c - a +1 cloak
 f - the +0 mask of the Dragon (worn) {Will+ Slay+3 SInv}
   (You acquired it on level 4 of the Dungeon)

   Slay+3:    It affects your accuracy & damage with ranged weapons and melee
   (+3).
   Will+:     It increases your willpower.
   SInv:      It lets you see invisible.
 y - a +0 cloak of stealth (worn)
 D - a +2 robe of resistance (worn)
 J - +1 acid dragon scales
Jewellery
 g - a ring of protection from cold (left hand)
 s - a +4 ring of protection (right hand)
 v - a ring of positive energy
Talismans
 r - a maw talisman
Wands
 j - a wand of flame (1)
 M - a wand of digging (2)
 N - a wand of paralysis (10)
 Q - a wand of roots (17)
Scrolls
 l - 5 scrolls of enchant armour
 m - 2 scrolls of identify {@r1}
 p - a scroll of blinking
 t - 2 scrolls of enchant weapon
 x - 2 scrolls of fear
 C - 2 scrolls of poison {unknown}
 F - a scroll of amnesia {unknown}
 G - a scroll of butterflies
 H - 2 scrolls of revelation
 I - 2 scrolls of vulnerability {unknown}
 K - a scroll of fog
 R - 3 scrolls of immolation
Potions
 k - a potion of cancellation
 n - 2 potions of enlightenment
 z - 4 potions of lignification
 A - a potion of attraction
 B - 2 potions of might
 L - 2 potions of mutation {!q}
 O - 3 potions of brilliance
Miscellaneous
 u - a sack of spiders
 P - a phantom mirror


   Skills:
 - Level 10.0 Fighting
 - Level 1.7 Short Blades
 + Level 20.1 Maces & Flails
 - Level 5.0 Throwing
 - Level 0.8 Dodging
 - Level 2.9 Stealth


You had 12 spell levels left.
You didn't know any spells.
Your spell library contained the following spells:

 Spells                   Type           Power      Damage    Failure   Level
 Apportation              Tloc           0%         N/A       12%         1
 Necrotise                Necr           0%         1d4       12%         1
 Sting                    Conj/Alch      0%         1d3       12%         1
 Summon Small Mammal      Summ           0%         N/A       12%         1
 Call Imp                 Summ           0%         N/A       19%         2
 Ensorcelled Hibernation  Hex/Ice        0%         N/A       19%         2
 Lesser Beckoning         Tloc           0%         N/A       19%         2
 Sublimation of Blood     Necr           0%         N/A       19%         2
 Dazzling Flash           Conj/Hex       0%         N/A       34%         3
 Fugue of the Fallen      Necr           0%         N/A       34%         3
 Gell's Gravitas          Tloc           0%         N/A       34%         3
 Teleport Other           Tloc           0%         N/A       34%         3
 Volatile Blastmotes      Fire/Tloc      0%         2d10      34%         3
 Anguish                  Hex/Necr       0%         N/A       75%         4
 Starburst                Conj/Fire      0%         6d3       100%        6
 Summon Hydra             Summ           0%         N/A       100%        7
 Maxwell's Capacitive Co  Air            0%         ∞         100%        8


Dungeon Overview and Level Annotations

Branches:
Dungeon (12/15)            Temple (1/1) D:7            Lair (3/5) D:8
 Shoals (0/4) Lair:3          Orc (0/2) D:11         Bailey (visited)
Volcano (1/1)
  Snake: Lair:2-3    Spider: Lair:2-3

Altars:
Ashenzari
Cheibriados
Dithmenos
Elyvilon
Fedhas
Gozag
Hepliaklqana
Kikubaaqudgha
Makhleb
Nemelex Xobeh
Okawaru
Qazlal
Ru
Sif Muna
Trog
Uskayaw
Vehumet
Wu Jian
Xom
Yredelemnul
Zin
The Shining One

Shops:
D:4 [   D:9 ([   D:11 [

Annotations:
D:11 Josephine
Lair:1 2 transporters
Lair:2 exclusion: death yak Volcano exclusion: obsidian statue


Innate Abilities, Weirdness & Mutations

You are too large for most types of armour.
You have a pair of small horns on your head.
You have tough skin. (AC +1)
You gain doubled healing and magic from potions.
Whenever you drink a healing potion, you attack all around you.


Message History

The rust devil is lightly wounded.
The silver javelin pierces through the obsidian statue.
The obsidian statue is severely damaged.
The obsidian statue's eyes glow briefly.
The rust devil hits you. The rust devil corrodes you!
Throw: javelin (silver)
Press: ? - help, Shift-Dir - straight line, f/p - obsidian statue
Aim: an obsidian statue (severely damaged, 94% to hit)
You throw a silver javelin.
The silver javelin completely misses the rust devil.
The silver javelin pierces through the obsidian statue.
The obsidian statue is severely damaged.
The rust devil misses you.
Okay, then.
The rust devil hits you. The rust devil corrodes you!
You puncture the rust devil!
The rust devil is moderately wounded.
The rust devil closely misses you.
You impale the rust devil!!
You headbutt the rust devil, but do no damage.
The rust devil is almost dead.
The rust devil hits you! The rust devil corrodes you!
Okay, then.
You barely miss the rust devil.
The rust devil is severely wounded.
The smoke demon gestures at you. Something smites you! The rust devil hits you.
The rust devil corrodes you!
You barely miss the rust devil. You headbutt the rust devil!
You kill the rust devil!
The rust devil disappears in a puff of smoke!
You bludgeon the hellwing!!
The hellwing is severely wounded.
The hellwing barely misses you. The hellwing completely misses you.
You hit the hellwing but do no damage.
The hellwing is severely wounded.
You barely miss the hellwing. Your headbutt misses the hellwing.
The hellwing is severely wounded.
The hellwing hits you. The hellwing hits you!
You hit the hellwing but do no damage.
You headbutt the hellwing, but do no damage.
The hellwing is severely wounded.
The smoke demon hits you. x3; The hellwing hits you! x2
You thump the hellwing!
The hellwing is almost dead.
The smoke demon hits you. x2; The smoke demon misses you.
The hellwing completely misses you. The hellwing hits you!
You barely miss the hellwing. You headbutt the hellwing.
The hellwing is almost dead.
The smoke demon hits you. x3; The hellwing barely misses you. x2
Okay, then.
Okay, then.
Okay, then.
Blink to where?
Press: ? - help, Dir - move target
As you read the scroll of blinking, it crumbles to dust.
You are confused.
You savour every drop.
You feel invigorated. The smoke demon gestures at you. Something smites you!
* * * LOW HITPOINT WARNING * * *
You're too confused to move!
You bump into the stone wall.
The hellwing hits you! The hellwing hits you.
You bump into the stone wall.
The hellwing hits you! The hellwing barely misses you.
You barely miss the hellwing.
The hellwing is almost dead.
The hellwing barely misses you. The hellwing hits you.
You bump into the stone wall.
You feel less invigorated.
You feel less confused. The hellwing hits you! The hellwing hits you.
The smoke demon gestures at you. Something smites you!
* * * LOW HITPOINT WARNING * * *
You hit the hellwing but do no damage.
The hellwing is almost dead.
The hellwing hits you!
* * * LOW HITPOINT WARNING * * *
The hellwing closely misses you.
Okay, then.
You take a swig of the potion and twirl your +0 giant spiked club.
You hit the hellwing but do no damage. Your headbutt misses the hellwing.
The hellwing is almost dead.
You are confused.
You savour every drop.
You feel invigorated. The hellwing hits you.
* * * LOW HITPOINT WARNING * * *
The hellwing hits you.
* * * LOW HITPOINT WARNING * * *
You bump into the stone wall.
The hellwing hits you!
* * * LOW HITPOINT WARNING * * *
The hellwing hits you.
* * * LOW HITPOINT WARNING * * *
You bump into the stone wall.
The hellwing hits you!
* * * LOW HITPOINT WARNING * * *
The hellwing closely misses you.
You're too confused to move!
The smoke demon disappears in a puff of smoke!
The hellwing hits you!
* * * LOW HITPOINT WARNING * * *
The hellwing hits you.
You die...

#.# ###..S≈
####'#######8....≈
#........+.......≈
#.......####8....§
#.......# ####..§
#.......# ####
#§#...#.# #
#4#...#.#
#@#._.#.#
#∩##.##∩#
#########


You could see a hellwing (summoned).

Vanquished Creatures
  Gastronok (Lair:1)
  A stone giant (Volcano)
  3 boulder beetles (D:11)
  2 two-headed ogres (D:11)
  A skeletal warrior (D:11)
  Maurice (D:11)
  A manticore (D:12)
  3 ugly things
  3 cyclopes
  A gargoyle (D:11)
  6 cane toads (Lair:1)
  Maggie (D:7)
  2 komodo dragons (Lair:1)
  An unseen horror (D:11)
  An efreet (Volcano)
  Jeremiah (D:6)
  5 trolls
  2 hornets
  6 slime creatures
  26 yaks
  A shadow (D:11)
  5 wraiths
  2 wyverns
  2 fire elementals
  A basilisk (D:12)
  3 fire bats (Volcano)
  A warg (D:11)
  3 steam dragons
  5 vampire mosquitoes (D:12)
  Duvessa (D:6)
  5 acid dragons
  10 water moccasins
  6 black bears
  6 orc warriors
  2 ice beasts
  A sky beast (D:7)
  9 wolves
  3 ogres
  4 centaurs
  A phantom (D:7)
  10 kobold brigands
  10 bullfrogs
  2 earth elementals (Volcano)
  A gnoll sergeant (D:12)
  2 scorpions
  7 wights
  Dowan (D:6)
  8 killer bees
  2 electric eels (Lair:1)
  A howler monkey (D:10)
  A lava snake (Volcano)
  2 bombardier beetles
  4 hounds
  4 gnoll boudas
  3 jellies
  Crazy Yiuf (D:6)
  3 orc priests
  A sleepcap (D:5)
  2 iguanas
  4 orc wizards
  Robin (D:2)
  5 adders
  20 gnolls
  A shadow imp (D:6)
  2 white imps (D:7)
  2 ufetubi (D:5)
  2 adder skeletons (D:2)
  An adder zombie (D:2)
  2 dart slugs
  A ribbon worm (D:2)
  24 orcs
  6 ball pythons
  8 bats
  9 endoplasms
  2 giant cockroaches
  11 goblins
  11 hobgoblins
  4 jackals (D:4)
  33 kobolds
  8 quokkas
  4 frilled lizards
  A quokka skeleton (D:2)
  9 rats
375 creatures vanquished.

Notes
Turn   | Place    | Note
-------+----------+-------------------------------------------
     0 | D:1      | edsrzf the Oni Brigand began the quest for the Orb.
     0 | D:1      | Reached XP level 1. HP: 22/22 MP: 1/1
   125 | D:1      | Reached skill level 3 in Fighting
   225 | D:1      | Reached XP level 2. HP: 26/31 MP: 2/2
   543 | D:1      | Reached XP level 3. HP: 39/39 MP: 3/3
   874 | D:2      | Reached skill level 4 in Fighting
   874 | D:2      | Reached skill level 3 in Throwing
   936 | D:2      | Found a faded altar of an unknown god.
  1094 | D:2      | Reached XP level 4. HP: 48/49 MP: 4/4
  1151 | D:2      | Noticed Robin
  1171 | D:2      | Killed Robin
  1496 | D:2      | Found a blossoming altar of Fedhas.
  2050 | D:3      | Reached skill level 5 in Fighting
  2151 | D:3      | Reached XP level 5. HP: 57/57 MP: 5/5
  2853 | D:4      | Reached skill level 4 in Throwing
  3049 | D:4      | Identified 2 scrolls of enchant armour
  3050 | D:4      | Identified 5 scrolls of identify
  3050 | D:4      | Identified 2 scrolls of enchant weapon
  3051 | D:4      | Identified a scroll of acquirement
  3051 | D:4      | Acquired the +0 mask of the Dragon {Will+ Slay+3 SInv}
  3051 | D:4      | Found the +0 mask of the Dragon {Will+ Slay+3 SInv}
  3056 | D:4      | Identified 2 potions of curing
  3058 | D:4      | Identified a scroll of torment
  3059 | D:4      | Identified a scroll of butterflies
  3067 | D:4      | Identified a scroll of revelation
  3068 | D:4      | Identified a scroll of teleportation
  3320 | D:4      | Reached skill level 6 in Fighting
  3320 | D:4      | Reached XP level 6. HP: 58/67 MP: 6/6
  3424 | D:4      | Found Alimenk's Antique Armour Shop.
  3878 | D:4      | Reached skill level 5 in Throwing
  4204 | D:5      | Entered Level 5 of the Dungeon
  4265 | D:5      | Reached skill level 7 in Fighting
  4265 | D:5      | Reached skill level 1 in Maces & Flails
  4265 | D:5      | Reached XP level 7. HP: 55/78 MP: 7/7
  4439 | D:5      | Reached skill level 2 in Maces & Flails
  5022 | D:5      | Reached skill level 8 in Fighting
  5022 | D:5      | Reached skill level 3 in Maces & Flails
  5151 | D:5      | Reached XP level 8. HP: 89/89 MP: 8/8
  5307 | D:6      | Noticed Dowan
  5311 | D:6      | Noticed Duvessa
  5326 | D:6      | Reached skill level 4 in Maces & Flails
  5432 | D:6      | Reached skill level 9 in Fighting
  5567 | D:6      | Killed Dowan
  5571 | D:6      | Killed Duvessa
  5572 | D:6      | Reached skill level 5 in Maces & Flails
  5924 | D:6      | Reached skill level 10 in Fighting
  6015 | D:6      | Found a runed translucent door.
  6016 | D:6      | Noticed Crazy Yiuf
  6030 | D:6      | Killed Crazy Yiuf
  6315 | D:6      | Noticed Jeremiah
  6446 | D:6      | Reached skill level 6 in Maces & Flails
  6600 | D:6      | Killed Jeremiah
  6601 | D:6      | Reached skill level 7 in Maces & Flails
  6601 | D:6      | Reached XP level 9. HP: 62/101 MP: 9/9
  6824 | D:7      | Found a flagged portal.
  6841 | D:7      | Identified a potion of attraction
  6842 | D:7      | Identified a potion of lignification
  6843 | D:7      | Identified a potion of enlightenment
  6844 | D:7      | Identified a potion of cancellation
  6845 | D:7      | Identified 2 potions of haste
  6847 | Bailey   | Entered a bailey
  6897 | Bailey   | Reached skill level 8 in Maces & Flails
  7190 | Bailey   | Reached skill level 9 in Maces & Flails
  7190 | Bailey   | Identified 2 potions of heal wounds
  7209 | Bailey   | Found a bloodstained altar of Trog.
  7524 | D:7      | You fall into a shaft and drop 1 floor!
  7549 | D:8      | Noticed a hornet
  7553 | D:8      | Killed a hornet
  7554 | D:8      | Reached skill level 10 in Maces & Flails
  7664 | D:7      | Found a staircase to the Ecumenical Temple.
  7780 | D:7      | Noticed Maggie
  7785 | D:7      | Killed Maggie
  7786 | D:7      | Reached XP level 10. HP: 107/110 MP: 10/10
  8137 | D:7      | Reached skill level 11 in Maces & Flails
  8532 | D:7      | Identified a potion of mutation
  8788 | Temple   | Entered the Ecumenical Temple
  8804 | Temple   | Became a worshipper of Cheibriados the Contemplative
  9083 | D:8      | Reached skill level 12 in Maces & Flails
  9096 | D:8      | Reached * piety under Cheibriados
  9314 | D:8      | Found a staircase to the Lair.
  9388 | D:8      | Reached skill level 13 in Maces & Flails
  9486 | D:8      | Found a sparkling altar of Nemelex Xobeh.
  9487 | D:8      | Identified a potion of brilliance
 10072 | D:9      | Identified a scroll of fog
 10096 | D:9      | Reached ** piety under Cheibriados
 10109 | D:9      | Reached XP level 11. HP: 56/117 MP: 11/11
 10150 | D:9      | Reached skill level 14 in Maces & Flails
 10368 | D:9      | Found Ofoxot's Armour Boutique.
 10926 | D:9      | Found Didiqico's Weapon Boutique.
 11042 | D:10     | Entered Level 10 of the Dungeon
 11042 | D:10     | Found the +8 trident of the Octopus King {venom, rElec
                  | rPois}
 11656 | D:10     | Reached *** piety under Cheibriados
 11860 | D:10     | Identified a scroll of immolation
 12058 | D:11     | Reached skill level 15 in Maces & Flails
 12059 | D:11     | Noticed a two-headed ogre
 12068 | D:11     | Killed a two-headed ogre
 12164 | D:11     | Noticed a cyan ugly thing
 12181 | D:11     | Killed a cyan ugly thing
 12389 | D:11     | Noticed Maurice
 12393 | D:11     | Noticed a boulder beetle
 12407 | D:11     | Killed a boulder beetle
 12427 | D:11     | Killed Maurice
 12610 | D:11     | Noticed Josephine
 12618 | D:11     | Reached skill level 16 in Maces & Flails
 12723 | D:11     | Noticed a boulder beetle
 12724 | D:11     | Found a staircase to the Orcish Mines.
 12732 | D:11     | Killed a boulder beetle
 12952 | D:11     | Noticed a cyclops
 12953 | D:11     | Noticed a two-headed ogre
 12962 | D:11     | Killed a two-headed ogre
 12962 | D:11     | Reached **** piety under Cheibriados
 12963 | D:11     | Reached XP level 12. HP: 68/126 MP: 12/12
 12980 | D:11     | Noticed a boulder beetle
 12994 | D:11     | Identified 3 scrolls of fear
 12995 | D:11     | Identified 2 scrolls of blinking
 13213 | D:12     | Reached skill level 17 in Maces & Flails
 13999 | D:12     | Identified a potion of might
 14041 | D:12     | Reached skill level 18 in Maces & Flails
 14558 | D:11     | Found Ofoeh's Armour Shop.
 14718 | D:11     | Noticed a boulder beetle
 14736 | D:11     | Killed a boulder beetle
 14820 | D:11     | Identified a potion of ambrosia
 15219 | Lair:1   | Entered Level 1 of the Lair of Beasts
 15299 | Lair:1   | Noticed Gastronok
 15328 | Lair:1   | Killed Gastronok
 15329 | Lair:1   | Reached skill level 19 in Maces & Flails
 15329 | Lair:1   | Reached XP level 13. HP: 36/133 MP: 13/13
 15727 | Lair:1   | Reached ***** piety under Cheibriados
 15855 | Lair:1   | Found a transporter.
 16296 | Lair:1   | Found a transporter.
 17073 | Lair:2   | You fall into a shaft and drop 1 floor!
 17133 | Lair:3   | Found a dark tunnel.
 17151 | Volcano  | Entered a volcano
 17265 | Volcano  | Noticed a stone giant
 17266 | Volcano  | Found a bloodstained altar of Trog.
 17276 | Volcano  | Killed a stone giant
 17277 | Volcano  | Reached skill level 20 in Maces & Flails
 17600 | Volcano  | HP: 2/133 [hellwing[an obsidian statue] (16)]
 17600 | Volcano  | Slain by a hellwing

Illustrated notes

Levels and vault maps discovered:
D:1:      amcnicky_arrival_feature_with_door, layout_loops_ring,
          minmay_octomino_j4
D:2:      layout_basic, serial_undead, serial_undead_a, serial_undead_b,
          serial_undead_b, serial_undead_a, basic_altar,
          hellmonk_ecumenical_altar_lost_god, kennysheep_donut, corner_web_ring,
          grunt_ministairs_4, uniq_robin
D:3:      layout_basic, minmay_pentangle
D:4:      layout_cave_pods, serial_shops, nicolae_shop_waterfront
D:5:      layout_loops_ring
D:6:      layout_cave_pools, nicolae_houndstooth_variations, uniq_duvessa,
          uniq_jeremiah, uniq_crazy_yiuf_cottage
D:7:      layout_layer_cave, minmay_temple_entry_stoned_glass, enter_bailey_1,
          uniq_maggie
D:8:      layout_cave_pods, old_standard_altar, due_lair_maze_entry_diamond,
          serial_column_ruins, column_ruins_columns_straight,
          column_ruins_open_medium, column_ruins_grid_1
D:9:      layout_basic, serial_shops, nicolae_shop_tiny_waterfront, shop
D:10:     layout_basic, nicolae_fountain_basement
D:11:     minmay_bloctagon, layout_irregular_city, minmay_orc_entry_guard_dogs,
          serial_shops, nicolae_shop_waterfront, uniq_josephine, uniq_maurice
D:12:     layout_irregular_city
Temple:   roderic_octagonal_lattice_temple
Lair:1:   gammafunk_cloud_chamber, layout_cave_pods,
          chequers_serial_rivers_large_a, infiniplex_staircase_pool,
          uniq_gastronok
Lair:2:   layout_cave_pods, guppyfry_snake_entry_island,
          chequers_serial_rivers_room_a, st_stairs_12
Lair:3:   layout_gridlike, minmay_shoals_entry_lonely_mermaid,
          nicolae_volcano_entry_two_sided
Volcano:  volcano_grotto [vgs_statue_spotlight]

Skill      XL: |  1  2  3  4  5  6  7  8  9 10 11 12 13 |
---------------+----------------------------------------+-----
Fighting       | 3 4 5 6 7 8 10 | 10.0
Throwing       | 3 4 5 |  5.0
Maces & Flails | 1 3 7 10 13 16 19 20 | 20.1
Short Blades   | |  1.7
Dodging        | |  0.8
Stealth        | |  2.9

Action                     |  1- 3 |  4- 6 |  7- 9 | 10-12 | 13-15 || total
---------------------------+-------+-------+-------+-------+-------++-------
  Melee: Dagger            |    89 |   227 |   166 |       |       ||   482
         Headbutt          |     8 |    36 |    51 |   135 |    37 ||   267
         Punch             |       |     1 |     1 |     4 |       ||     6
         Whip              |       |       |   127 |   584 |   125 ||   836
         Giant spiked club |       |       |       |     4 |    37 ||    41
  Throw: Stone             |       |    15 |    10 |       |       ||    25
         Dart              |       |     3 |    26 |    34 |     5 ||    68
         Boomerang         |       |       |     1 |    31 |       ||    32
         Javelin           |       |       |       |     8 |     5 ||    13
         Large rock        |       |       |       |     5 |     6 ||    11
  Evoke: Wand              |       |       |       |     6 |       ||     6
         Sack of spiders   |       |       |       |     1 |       ||     1
    Use: Scroll            |       |     7 |     6 |    11 |     2 ||    26
         Potion            |       |     2 |     2 |     6 |     2 ||    12
   Stab: Sleeping          |     5 |     6 |     7 |    12 |     2 ||    32
         Distracted        |     1 |       |       |     1 |       ||     2
         Paralysed         |       |       |       |     2 |       ||     2
 Armour: Robe              |    43 |    30 |    25 |       |    65 ||   163
         Animal skin       |       |   116 |   196 |       |       ||   312
         Acid dragon scale |       |       |       |   343 |    75 ||   418
  Dodge: Dodged            |    18 |    78 |   120 |   163 |    61 ||   440
